 Dungeon Crawl Stone Soup version 0.28.0 (webtiles) character file.

Game seed: 10600080593936229665

77 BeingJoeMalik the Cudgeller (level 4, -3/38 HPs)
             Began as a Draconian Monk on Feb 12, 2022.
             Was a Priest of Nemelex Xobeh.
             Slain by an ogre (27 damage)
             ... on level 4 of the Dungeon.
             The game lasted 00:04:57 (3015 turns).

BeingJoeMalik the Cudgeller (Draconian Monk)        Turns: 3015, Time: 00:04:58

Health: -3/38      AC:  6    Str: 15    XL:     4   Next: 13%
Magic:  4/4        EV: 13    Int: 10    God:    Nemelex Xobeh [***...]
Gold:   157        SH:  0    Dex: 16    Spells: 3/3 levels left

rFire   . . .      SeeInvis .   g - +3 quarterstaff of Accidental Termination {holy, rCorr Dex+2}
rCold   . . .      Faith    .   (shield currently unavailable)
rNeg    . . .      Spirit   .   (armour unavailable)
rPois   .          Reflect  .   (helmet restricted)
rElec   .          Harm     .   (no cloak)
rCorr   +          Rampage  .   (no gloves)
Will    .....                   d - +0 pair of boots
Stlth   ++........              (no amulet)
HPRegen 0.12/turn               (no ring)
MPRegen 0.09/turn               (no ring)

@: no status effects
A: AC +5, unfitting armour, cold-blooded
a: Renounce Religion, Draw Escape, Draw Destruction, Draw Summoning, Triple Draw


You were on level 4 of the Dungeon.
You worshipped Nemelex Xobeh.
Nemelex Xobeh was most pleased with you.
You visited 1 branch of the dungeon, and saw 4 of its levels.

You collected 157 gold pieces.

Inventory:

Hand Weapons
 a - a +0 mace
 g - the +3 quarterstaff of Accidental Termination (weapon) {holy, rCorr Dex+2}
   (You found it on level 2 of the Dungeon)

   It has been blessed by the Shining One to cause great damage to the undead
   and demons.
   Dex:       It affects your dexterity (+2).
   rCorr:     It protects you from acid and corrosion.
Missiles
 b - a throwing net (quivered)
 e - 15 poisoned darts
Armour
 d - a +0 pair of boots (worn)
Scrolls
 f - a scroll of blinking
Potions
 c - a potion of cancellation {unknown}
 k - a potion of mutation {unknown}
 l - a potion of curing {unknown}


   Skills:
 - Level 3.2 Fighting
 - Level 4.2(4.5) Maces & Flails
 + Level 2.4(3.6) Staves
 - Level 2.6 Dodging
 - Level 1.7 Stealth


You had 3 spell levels left.
You didn't know any spells.
Your spell library contained the following spells:

 Spells                   Type           Power      Damage    Failure   Level
 Apportation              Tloc           0%         N/A       36%         1
 Gell's Gravitas          Tloc           0%         N/A       75%         3
 Teleport Other           Tloc           0%         N/A       75%         3
 Alistair's Intoxication  Tmut/Pois      0%         N/A       100%        5
 Dispersal                Tloc           0%         N/A       100%        6


Dungeon Overview and Level Annotations

Branches:
Dungeon (4/15)
 Temple: D:4-7

Altars:
Nemelex Xobeh


Innate Abilities, Weirdness & Mutations

Your plain brown scales are hard. (AC +5)
You cannot fit into any form of body armour.
You are cold-blooded and may be slowed by cold attacks.


Message History

Okay, then.
Okay, then.
You drop 2 potions of degeneration.
Found a club.
Found a translucent ring mail.
You see here the +1 ring mail "Dilaedej" {rN+ rCorr Dex+6 SInv}.
An orc comes into view. It is wielding a +0 dagger.
Found a stone staircase leading down.
The helpless orc fails to defend itself.
You hit the orc.
The orc is lightly wounded.
The orc hits you but does no damage.
You barely miss the orc.
The orc is lightly wounded.
The orc misses you.
You hit the orc. You tail-slap the orc.
The orc is severely wounded.
The orc hits you with a +0 dagger.
You barely miss the orc.
The orc is severely wounded.
The orc hits you with a +0 dagger.
You hit the orc.
You kill the orc!
An ogre comes into view. It is wielding a +0 giant club.
The ogre shouts!
There is a stone staircase leading down here.
Things that are here:
a +0 dagger; an orc corpse You hit the ogre.
The ogre is lightly wounded.
The ogre closely misses you.
You hit the ogre.
The ogre is lightly wounded.
The ogre hits you with a +0 giant club!
You barely miss the ogre.
The ogre is lightly wounded.
The ogre hits you with a +0 giant club!!
Ouch! That really hurt!
You die...
Your body glows slightly and disappears.

#........... #.
#..##..####. #.
#..###..###. #. #..#
##..... #. ##..#
#####. ###. #...# #.
#... #.#.# ###.
#..O#####.#.######...
#...@................
#...#####..####...##.
#... #..# #.##...
#### #### #......
.##### # # #. ....


You could see an ogre.

Vanquished Creatures
  2 adders (D:3)
  2 worms
  An orc (D:4)
  6 endoplasms
  A giant cockroach (D:1)
  6 goblins
  3 hobgoblins (D:1)
  4 jackals (D:3)
  7 quokkas
  6 ball pythons
  2 bats (D:3)
  4 frilled lizards
  2 kobolds (D:1)
  4 rats
50 creatures vanquished.

Notes
Turn   | Place    | Note
-------+----------+-------------------------------------------
     0 | D:1      | BeingJoeMalik the Draconian Monk began the quest for the
                  | Orb.
     0 | D:1      | Reached XP level 1. HP: 19/19 MP: 1/1
   220 | D:1      | Reached XP level 2. HP: 14/26 MP: 2/2
   634 | D:1      | Reached skill level 4 in Maces & Flails
  1222 | D:2      | Identified the +3 quarterstaff of Accidental Termination
                  | {holy, rCorr Dex+2}
  1331 | D:2      | Reached XP level 3. HP: 31/31 MP: 3/3
  2191 | D:2      | Found a faded altar of an unknown god.
  2191 | D:2      | Noticed a balrug
  2219 | D:2      | Prayed at the altar of an unknown god.
  2219 | D:2      | Became a worshipper of Nemelex Xobeh the Trickster
  2219 | D:2      | Reached * piety under Nemelex Xobeh
  2219 | D:2      | Received a gift from Nemelex Xobeh
  2219 | D:2      | Reached ** piety under Nemelex Xobeh
  2305 | D:3      | Reached skill level 1 in Staves
  2473 | D:3      | Reached *** piety under Nemelex Xobeh
  2711 | D:3      | Reached XP level 4. HP: 38/38 MP: 4/4
  2979 | D:4      | Identified the +1 ring mail "Dilaedej" {rN+ rCorr Dex+6
                  | SInv}
  3012 | D:4      | Noticed an ogre
  3015 | D:4      | Slain by an ogre

Illustrated notes

Levels and vault maps discovered:
D:1:      psy_arrival_basics, layout_loops_cross, chequers_serial_rivers_small_b
D:2:      layout_basic, dreamdust_ecumenical_altar_sealed_demon
D:3:      layout_rooms
D:4:      layout_rooms, uniq_edmund, uniq_menkaure

Skill      XL: |  1  2  3 |
---------------+----------+-----
Maces & Flails | 4 |  4.2
Staves         | 2 |  2.4
Fighting       | |  3.2
Dodging        | |  2.6
Stealth        | |  1.7

Action                   |  1- 3 |  4- 6 || total
-------------------------+-------+-------++-------
Melee: Mace              |    62 |       ||    62
       Tailslap          |     6 |     1 ||     7
       Quarterstaff      |    44 |    10 ||    54
  Use: Scroll            |       |     5 ||     5
 Stab: Sleeping          |    13 |     2 ||    15
Armor: Skin              |    21 |     1 ||    22
Dodge: Dodged            |    65 |     2 ||    67
